 Dungeon Crawl Stone Soup version 0.22.1-1-ga44c0e5 (webtiles) character file.

4361 Goblin1989 the Cleaver (level 10, -8/76 HPs)
             Began as a Demonspawn Chaos Knight on Nov 1, 2018.
             Mangled by a three-headed hydra (9 damage)
             ... on level 8 of the Dungeon on Nov 2, 2018.
             The game lasted 00:30:54 (10522 turns).

Goblin1989 the Cleaver (Demonspawn Chaos Knight)   Turns: 10522, Time: 00:30:55

Health: -8/76      AC: 15    Str: 17    XL:     10   Next: 12%
Magic:  0/10       EV:  7    Int: 13    God:    Xom [......]
Gold:   106        SH:  9    Dex: 12    Spells: 9/9 levels left

rFire    . . .     SeeInvis .   a - +0 war axe
rCold    . . .     Gourm    .   Y - +0 shield
rNeg     . . .     Faith    .   u - +0 scale mail
rPois    .         Spirit   +   (helmet restricted)
rElec    .         Reflect  .   L - +0 cloak
rCorr    +         Harm     .   N - +0 pair of gloves
MR       .....                  W - +0 pair of boots
Stlth    ..........             (no amulet)
HPRegen  0.22/turn              h - +3 ring of protection
MPRegen  0.12/turn              g - ring of resist corrosion

@: lethally poisoned (-8 -> -34), about to teleport, drained
A: horns 2, molten scales 1, demonic guardian 1, magic shield, no potion heal 1
a: Renounce Religion


You were on level 8 of the Dungeon.
You worshipped Xom.
You were a very special plaything of Xom.
You were not hungry.

You visited 1 branch of the dungeon, and saw 8 of its levels.
You also visited: Sewer.

You collected 389 gold pieces.
You spent 283 gold pieces at shops.

Inventory:

Hand Weapons
 a - a +0 war axe (weapon)
 b - a +0 hand crossbow {god gift}
 t - a +0 hand axe of chaos
 K - a +3 dagger of chaos
 S - a +0 whip of flaming
Missiles
 J - 73 bolts
Armour
 u - a +0 scale mail (worn)
 L - a +0 cloak (worn)
 N - a +0 pair of gloves (worn)
 W - a +0 pair of boots (worn)
 Y - a +0 shield (worn)
Jewellery
 g - a ring of resist corrosion (right hand)
 h - a +3 ring of protection (left hand)
Wands
 A - a wand of paralysis (10) {@v7}
 O - a wand of flame (38) {@v6}
 Q - a wand of scattershot (5) {@v5}
Scrolls
 i - 5 scrolls of fog {unknown}
 p - 7 scrolls of remove curse {@r3}
 r - 2 scrolls of enchant weapon {unknown}
 C - 3 scrolls of immolation
 M - a scroll of magic mapping
 P - a scroll of enchant armour
 R - a scroll of identify {@r1}
 T - 8 scrolls of teleportation {!r, @r2}
 V - 3 scrolls of fear {unknown}
 Z - a scroll of amnesia
Potions
 k - a potion of might {@q4}
 m - a potion of heal wounds
 s - a potion of ambrosia
 D - 3 potions of haste {@q3,}
 I - a potion of berserk rage
 U - 2 potions of magic
 X - 2 potions of flight
Comestibles
 e - 12 rations
 H - a chunk of flesh


   Skills:
 + Level 5.8(4.9) Fighting
 * Level 11.1(10.1) Axes
 + Level 4.9(4.0) Armour
 - Level 0.8(0.0) Dodging
 + Level 4.4(3.5) Shields


You had 9 spell levels left.
You didn't know any spells.
Your spell library was empty.

Dungeon Overview and Level Annotations

Branches:
Dungeon (8/15)             Temple (0/1) D:5
   Lair: D:8-11

Altars:
Dithmenos
Fedhas
Nemelex Xobeh
Ru
Trog
Vehumet
Xom
Yredelemnul

Shops:
D:4 :   D:5 **

Annotations:
D:5 Prince Ribbit


Innate Abilities, Weirdness & Mutations

You have a pair of horns on your head.
You are partially covered in molten scales. (AC +2)
A weak demonic guardian rushes to your aid.
When hurt, damage is shared between your health and your magic reserves.
Potions are less effective at restoring your health.


Message History

Key pressed, stopping explore.
You now have 106 gold pieces (gained 11).
e - 12 rations (gained 1)
You open the door.
There is an open door here.
There is an open door here.
Key pressed, stopping explore.
The three-headed hydra roars!
The yak bellows!
The yak is too close now for your liking.
You swap places.
The yak gores you.
You take 2 damage, and have 74/76 hp.
You slash the yak! You headbutt the yak.
The yak is moderately wounded.
The yak gores you but does no damage.
You completely miss the yak. You headbutt the yak.
The yak is heavily wounded.
The yak closely misses you.
You hit the yak.
The yak is heavily wounded.
The yak gores you but does no damage.
A shadow imp comes into view.
You slash the yak!
The yak is severely wounded.
You barely miss the three-headed hydra. The three-headed hydra bites you.
The three-headed hydra bites you! x2
You take 16 damage, and have 59/76 hp.
MASSIVE DAMAGE!!
You now have 7/10 mp.
Your shield and scale mail prevent you from hitting the three-headed hydra.
You headbutt the three-headed hydra.
The three-headed hydra is lightly wounded.
You block the three-headed hydra's attack.
The three-headed hydra bites you. The three-headed hydra bites you!
You take 9 damage, and have 50/76 hp.
You completely miss the three-headed hydra.
The three-headed hydra is lightly wounded.
The shadow imp barely misses your ufetubus.
You block the three-headed hydra's attack.
The three-headed hydra bites you!
The three-headed hydra bites you but does no damage.
The shadow imp misses your ufetubus.
You take 7 damage, and have 43/76 hp.
You now have 6/10 mp.
Welcome back, Goblin1989 the Demonspawn Chaos Knight.
Xom slaps you with a bull trout!
Press ? for a list of commands and other information.
The three-headed hydra bites your ufetubus!
Your ufetubus dies!
You block the shadow imp's attack.
You slash the shadow imp!
The shadow imp is severely wounded.
The shadow imp closely misses you. Something hits your ufetubus.
Something misses your ufetubus.
Your ufetubus hits the three-headed hydra. x2
Something closely misses your ufetubus.
The yak closely misses your ufetubus. "Fight to survive, mortal."
Your ufetubus barely misses the three-headed hydra. x2
The quasit bites you but does no damage.
The quasit claws you but does no damage.
You block the quasit's attack. Something gores your ufetubus!
Your ufetubus dies!
The orange demon stings you.
You are poisoned.
The orange demon poisons you! The orange demon barely misses you.
You take 5 damage, and have 39/76 hp.
You now have 6/10 mp.
You feel very sick. "The weather's been a little too boring around here."
The orange demon stings you.
* * * LOW HITPOINT WARNING * * *
You are lethally poisoned!
The orange demon poisons you! The orange demon closely misses you.
You take 7 damage, and have 32/76 hp.
You now have 5/10 mp.
* * * LOW HITPOINT WARNING * * *
You feel very sick. Xom notices you.
You convulse helplessly as pain tears through your body!
* * * LOW HITPOINT WARNING * * *
You take 23 damage, and have 9/76 hp.
MASSIVE DAMAGE!!
You now have 2/10 mp.
Unknown command.
Okay, then.
Your system partially rejects the healing.
You feel much better.
* * * LOW HITPOINT WARNING * * *
You feel sick. The three-headed hydra bites you.
* * * LOW HITPOINT WARNING * * *
You block the three-headed hydra's attack.
The three-headed hydra bites you!
* * * LOW HITPOINT WARNING * * *
You regained 6 hp, and now have 15/76 hp.
You now have 1/10 mp.
Okay, then.
Really read
T - 9 scrolls of teleportation {!r, @r2}?
As you read the scroll of teleportation {!r, @r2}, it crumbles to dust.
You feel strangely unstable.
* * * LOW HITPOINT WARNING * * *
You feel very sick.
The three-headed hydra closely misses you.
The three-headed hydra bites you!
* * * LOW HITPOINT WARNING * * *
The three-headed hydra bites you!
You die...
Xom titters! █████

█.█..█.██.██.██.█.█
█.█...............█
█.█.██.██.██.██.█.█
█.█.....█.█..██.█.█
████.████..█.█.███.█.█
█................█.█.█
█..███.████..█████.█.█
█..∆......§§§§.█ █.█.█
█..███....§@§█.█ █.█..
█..███.█████D█.█.█
████..)...545█.█[█
█.█.....§55...█
███.....███5█.█.█
..∆.....∆..5█.█
..██.....███.█Y█.█.██
..∆...................
.███.██████.█.█.█.███


You could see a three-headed hydra and a quasit.

Vanquished Creatures
  Harold (D:8)
  Psyche (D:8)
  A dream sheep (D:8)
  Menkaure (D:5)
  Purgy (Sewer)
  2 ice beasts
  An orc warrior (D:7)
  2 sky beasts
  5 ogres
  2 centaurs
  3 bullfrogs
  2 howler monkeys
  A centaur zombie (D:7)
  A quasit (D:7)
  A hound (D:7)
  Crazy Yiuf (D:2)
  6 orc priests
  A bullfrog skeleton (D:7)
  3 centaur skeletons
  2 iguanas
  4 orc wizards
  7 worker ants
  A hound zombie (D:3)
  3 gnolls (D:5)
  14 adders
  A river rat (D:6)
  A shadow imp (D:6)
  An ooze (D:2)
  An adder zombie (D:7)
  6 worms
  3 dart slugs
  3 leopard geckos
  26 orcs
  5 ball pythons
  4 giant cockroaches
  6 goblins
  10 hobgoblins
  9 jackals
  8 kobolds
  3 quokkas
  5 bats
  12 frilled lizards
  A jackal zombie (D:8)
  19 rats
191 creatures vanquished.

Vanquished Creatures (collateral kills)
  Pikel (D:6)
  A hippogriff (D:6)
  A phantom (D:5)
  An ogre (D:4)
  A centaur (D:6)
  3 slaves (D:6)
  A big kobold (D:7)
  A jelly (D:3)
  An orc priest (D:5)
  An orc wizard (D:4)
  A worker ant (D:5)
  5 orcs
  A giant cockroach (D:3)
  A hobgoblin (D:3)
  2 jackals (D:7)
22 creatures vanquished.

Vanquished Creatures (others)
  2 orc warriors (D:7)
  A bullfrog (D:7)
  An orc priest (D:7)
  An orc wizard (D:7)
  A worker ant (D:7)
  3 orcs (D:7)
  A jackal (D:7)
10 creatures vanquished.

Grand Total: 223 creatures vanquished

Notes
Turn   | Place    | Note
-------+----------+-------------------------------------------
     0 | D:1      | Goblin1989 the Demonspawn Chaos Knight began the quest for
                  | the Orb.
     0 | D:1      | Reached XP level 1. HP: 18/18 MP: 1/1
   133 | D:1      | Reached skill level 3 in Axes
   276 | D:1      | Gained mutation: When hurt, damage is shared between your
                  | health and your magic reserves. [demonic ancestry]
   276 | D:1      | Reached XP level 2. HP: 24/24 MP: 2/2
   332 | D:1      | XOM: harmless Tmut miscast
   686 | D:2      | XOM: silly message
   708 | D:2      | XOM: harmless Tmut miscast
   728 | D:2      | Reached XP level 3. HP: 19/29 MP: 3/3
   914 | D:2      | Reached skill level 4 in Axes
  1064 | D:2      | Gained mutation: You have a pair of small horns on your
                  | head. [demonic ancestry]
  1064 | D:2      | Reached XP level 4. HP: 28/35 MP: 4/4
  1064 | D:2      | XOM: harmless Air miscast
  1251 | D:2      | XOM: noise
  1324 | D:2      | XOM: 3-stop teleportation journey
  1666 | D:2      | Found a runed door.
  1730 | D:3      | Reached skill level 5 in Axes
  1742 | D:3      | Gained mutation: A weak demonic guardian rushes to your
                  | aid. [demonic ancestry]
  1742 | D:3      | Reached XP level 5. HP: 27/41 MP: 3/5
  1806 | D:3      | XOM: scenery: create altars
  1987 | D:3      | XOM: cloud trail
  1993 | D:3      | Found a basalt altar of Yredelemnul.
  2625 | D:4      | Reached skill level 6 in Axes
  2629 | D:4      | Reached XP level 6. HP: 45/47 MP: 6/6
  2704 | D:4      | Found a blossoming altar of Fedhas.
  2724 | D:4      | Found a sacrificial altar of Ru.
  2730 | D:4      | XOM: polymorph frilled lizard -> bat
  2941 | D:4      | XOM: divination: detect items
  3380 | D:4      | Found Utem Yqi's Book Emporium.
  3380 | D:4      | Noticed a moth of wrath
  3383 | D:4      | Found a bloodstained altar of Trog.
  3488 | D:4      | Reached skill level 7 in Axes
  3641 | D:5      | Entered Level 5 of the Dungeon
  3708 | D:5      | XOM: torment (31/47 hp)
  3711 | D:5      | XOM: chaos upgrade
  3719 | D:5      | XOM: blink monster(s)
  3733 | D:4      | XOM: butterfly on damage
  3752 | D:4      | Reached XP level 7. HP: 12/52 MP: 6/7
  4204 | D:5      | Found Huunith's General Store.
  4219 | D:5      | Bought a scroll of remove curse for 33 gold pieces
  4219 | D:5      | Bought a scroll of immolation for 38 gold pieces
  4219 | D:5      | Bought a scroll of identify for 22 gold pieces
  4219 | D:5      | Bought a scroll of identify for 22 gold pieces
  4396 | D:5      | XOM: god gift: hand crossbow {god gift}
  4424 | D:5      | XOM: blink monster(s)
  4428 | D:5      | Reached skill level 8 in Axes
  4452 | D:5      | Found Xuyn's Assorted Antiques.
  4452 | D:5      | Found a sacrificial altar of Ru.
  4452 | D:5      | XOM: 6-stop teleportation journey
  4975 | D:5      | Found a staircase to the Ecumenical Temple.
  4977 | D:5      | XOM: scenery: create altars
  5097 | D:5      | XOM: divination: detect items
  5179 | D:5      | Found a shadowy altar of Dithmenos.
  5263 | D:5      | XOM: harmless Erth miscast
  5350 | D:5      | XOM: silly message
  5405 | D:5      | Noticed Menkaure
  5405 | D:5      | XOM: divination: detect items
  5412 | D:5      | Killed Menkaure
  5516 | D:5      | Noticed Prince Ribbit
  5686 | D:6      | Noticed Pikel
  5734 | D:6      | Noticed a hippogriff
  5853 | D:6      | Found a glowing drain.
  5883 | Sewer    | Entered a sewer
  5907 | Sewer    | Noticed Purgy
  5908 | Sewer    | XOM: summons 2 hostile shadow creatures
  5918 | Sewer    | XOM: harmless Tmut miscast
  5924 | Sewer    | Killed Purgy
  5924 | Sewer    | Reached skill level 9 in Axes
  5924 | Sewer    | Reached XP level 8. HP: 40/58 MP: 4/8
  6036 | Sewer    | XOM: 3-stop teleportation journey
  6273 | D:6      | XOM: swap monsters
  6463 | D:6      | XOM: 1-stop teleportation journey
  6464 | D:6      | XOM: polymorph shadow imp -> iron imp
  6467 | D:6      | Reached skill level 1 in Shields
  6489 | D:6      | XOM: polymorph iron imp -> crimson imp
  6490 | D:6      | XOM: cleaving
  6492 | D:6      | XOM: summons friendly ice devil
  6493 | D:6      | XOM: fog
  6505 | D:6      | XOM: scenery: create altars
  6515 | D:6      | Killed Pikel
  6535 | D:6      | Killed a hippogriff
  6616 | D:6      | XOM: god gift: gnarled smoking staff {god gift}
  7161 | D:6      | XOM: give mutation
  7161 | D:6      | Gained mutation: Potions are less effective at restoring
                  | your health. [Xom's mischief]
  7217 | D:6      | XOM: enchant monster (bad)
  7564 | D:7      | XOM: noise
  7569 | D:7      | XOM: harmless Fire miscast
  7573 | D:7      | Reached skill level 10 in Axes
  7573 | D:7      | Gained mutation: You are partially covered in molten
                  | scales. (AC +2) [demonic ancestry]
  7573 | D:7      | Reached XP level 9. HP: 59/65 MP: 9/9
  7619 | D:7      | Found a sparkling altar of Nemelex Xobeh.
  7803 | D:7      | XOM: destruction
  7805 | D:7      | XOM: medium Air miscast
  7946 | D:7      | Found a radiant altar of Vehumet.
  8037 | D:7      | XOM: summons 1 hostile demon
  8169 | D:7      | XOM: summons 4 hostile shadow creatures
  8205 | D:7      | XOM: mild Ice miscast
  8536 | D:5      | Bought a sapphire ring for 120 gold pieces
  8536 | D:5      | Bought a scroll of identify for 48 gold pieces
  8684 | D:2      | Noticed Crazy Yiuf
  8687 | D:2      | Killed Crazy Yiuf
  9204 | D:7      | XOM: noise
  9339 | D:7      | XOM: silly message
  9370 | D:8      | XOM: scenery: 1 doors open
  9372 | D:8      | Noticed Psyche
  9384 | D:8      | Killed Psyche
  9384 | D:8      | Reached skill level 5 in Fighting
  9552 | D:8      | Noticed Harold
  9566 | D:8      | XOM: noise
  9567 | D:8      | XOM: enchant monster (bad)
  9579 | D:8      | XOM: harmless Tmut miscast
  9582 | D:8      | Killed Harold
  9591 | D:8      | Reached skill level 11 in Axes
  9591 | D:8      | Gained mutation: You have a pair of horns on your head.
                  | [demonic ancestry]
  9591 | D:8      | Reached XP level 10. HP: 18/76 MP: 2/10
  9818 | D:8      | Noticed a three-headed hydra
  9942 | D:8      | XOM: mild Air miscast
  9959 | D:8      | XOM: draining
  9973 | D:8      | XOM: summons 4 hostile shadow creatures
 10517 | D:8      | XOM: summons 5 hostile demons
 10518 | D:8      | Noticed an orange demon
 10519 | D:8      | XOM: fog
 10520 | D:8      | XOM: medium Necr miscast
 10522 | D:8      | HP: 1/76 [three-headed hydra (11)]
 10522 | D:8      | Mangled by a three-headed hydra

Skill      XL: |  1  2  3  4  5  6  7  8  9 |
---------------+----------------------------+-----
Axes           | 3 4 5 6 7 9 10 11 | 11.1
Armour         | 3 4 |  4.9
Shields        | 2 4 |  4.4
Fighting       | 4 5 |  5.8
Dodging        | |  0.8

Action                   |  1- 3 |  4- 6 |  7- 9 | 10-12 || total
-------------------------+-------+-------+-------+-------++-------
Melee: Hand axe          |    87 |    12 |       |       ||    99
       War axe           |       |   152 |   418 |    75 ||   645
       Headbutt          |       |    29 |    60 |     9 ||    98
       Unarmed           |       |       |     4 |       ||     4
Evoke: Wand              |       |     1 |    13 |     1 ||    15
  Use: Scroll            |       |       |    10 |     2 ||    12
       Potion            |       |       |     7 |     1 ||     8
 Stab: Confused          |       |     1 |       |       ||     1
       Paralysed         |       |     4 |       |       ||     4
       Distracted        |       |       |     2 |       ||     2
       Sleeping          |       |       |     1 |       ||     1
  Eat: Chunk             |     1 |     5 |    14 |     1 ||    21
       Ration            |       |     1 |     1 |     1 ||     3
Armor: Leather armour    |    29 |    65 |    87 |       ||   181
       Scale mail        |       |       |   135 |    43 ||   178
Dodge: Dodged            |    41 |    99 |   157 |    22 ||   319
Block: Shield            |       |       |   105 |    50 ||   155

Vault maps used:
D:1:      saegor_arrival_simple_a
D:2:      fountainhead, grunt_ministairs_8, kennysheep_nub,
          uniq_crazy_yiuf_cottage
D:3:      old_standard_altar, first_ration
D:4:      nicolae_ru_great_annihilating_truth, tgw_trog, serial_shops,
          shop_fountains, fedhas_altar_2
D:5:      grunt_dithmenos_smoke_and_mirrors, minmay_temple_entry_fiery,
          basic_altar, serial_shops, shop, nicolae_shop_overgrown_old_shop,
          minivault_14, roderic_lattice_a, uniq_prince_ribbit1, uniq_menkaure
D:6:      portal_sewer_entry_a, nicolae_zen_rock_garden, minivault_4, uniq_pikel
D:7:      nemelex_xobeh_ov_fountains_minmay, vehumet_altar_wand_db
D:8:      good_gods_temple_1, hangedman_ranch, trog_three_pillars_becter,
          uniq_harold, uniq_psyche
Sewer:    sewer_co_purgy_island
